Map: 2000 Atmospheres LE

Players

Scarlett - Winner!

  • Race: Zerg Zerg

TriGGeR

  • Race: Protoss Protoss

Event: DreamHack SC2 Masters 2021 Fall

VOD

Have the link to the VOD?

Description

Time

  • Played on: Aug. 3, 2021, 4:13 p.m.
  • Length: 8:23

All games in this series

Show
View Real Time Build Order
Export as new Build Order

Scarlett Zerg - Winner!

Build Orders: Pool First 

Get SALT Encoding   

  12  0:00  Drone  
  13  0:12  Overlord  
  13  0:16  Drone  
  14  0:30  Drone x2  
  14  0:35  Drone  
  17  0:50  Drone, Spawning Pool  
  17  0:56  Drone  
  18  1:12  Hatchery  
  17  1:19  Drone  
  17  1:22  Overlord  
  18  1:38  Queen  
  18  1:39  Extractor, Zergling x2  
  19  1:41  Zergling x2  
  20  1:50  Drone  
  21  2:00  Drone  
  22  2:06  Hatchery  
  21  2:12  Drone  
  22  2:21  Queen  
  24  2:25  Drone  
  25  2:30  Drone  
  25  2:33  Drone  
  27  2:38  Drone  
  28  2:45  Metabolic Boost  
  28  2:47  Drone  
  29  2:52  Drone x2  
  31  2:58  Drone x2  
  31  3:01  Overlord  
  31  3:05  Drone  
  33  3:08  Drone  
  34  3:18  Queen  
  34  3:19  Drone x2  
  38  3:21  Drone  
  38  3:22  Zergling x2  
  38  3:25  Queen  
  42  3:28  Drone  
  42  3:30  Drone  
  42  3:32  Drone  
  42  3:33  Drone  
  46  3:36  Overlord  
  46  3:40  Drone x2  
  48  3:45  Spore Crawler, Drone  
  48  3:49  Overlord  
  48  3:51  Overlord  
  48  4:02  Drone x2  
  49  4:07  Overlord  
  49  4:09  Drone x4  
  53  4:10  Queen  
  53  4:12  Queen  
  53  4:14  Drone  
  58  4:18  Drone  
  58  4:19  Drone  
  58  4:24  Drone x2  
  62  4:28  Drone  
  65  4:33  Drone  
  65  4:36  Drone x7  
  72  4:41  Extractor  
  72  4:42  Zergling x2  
  72  4:43  Zergling x2  
  73  4:46  Roach Warren, Overlord  
  73  4:47  Lair  
  73  4:50  Drone x3  
  73  4:52  Extractor x2  
  71  4:53  Overlord  
  71  5:03  Queen  
  71  5:04  Queen  
  71  5:06  Drone x6  
  81  5:11  Overlord x2  
  81  5:18  Drone  
  81  5:19  Evolution Chamber  
  81  5:21  Zergling x2  
  81  5:22  Zergling x6  
  81  5:27  Hatchery  
  84  5:32  Drone x6  
  84  5:35  Extractor  
  88  5:36  Drone, Overlord  
  88  5:38  Extractor  
  88  5:45  Zerg Missile Weapons Level 1, Glial Reconstitution  
  88  5:47  Drone x2, Overlord x2  
  90  5:54  Roach  
  90  5:55  Roach  
  90  5:56  Overseer  
  94  6:03  Roach  
  94  6:04  Roach x5  
  106  6:08  Roach x4  
  106  6:10  Roach  
  116  6:14  Roach  
  116  6:15  Roach x2  
  120  6:24  Roach x3  
  126  6:29  Overlord x2  
  126  6:35  Roach x2  
  126  6:38  Overlord  
  135  6:40  Roach x3  
  135  6:41  Overlord x2  
  135  6:50  Roach x5  
  135  6:51  Roach x2  
  149  6:54  Overlord  
  149  6:55  Overlord  
  149  6:57  Ravager x6  
  149  6:58  Roach  
  149  7:00  Roach x2  
  161  7:03  Roach x2  
  161  7:06  Roach x2  
  169  7:13  Roach x2  
  169  7:14  Roach x3  
  179  7:22  Ravager  
  178  7:29  Roach x7  
  192  7:37  Overlord  
  192  7:42  Overlord x2  
  192  7:44  Extractor  
  192  7:46  Extractor  
  192  7:48  Ravager  
  192  7:50  Ravager  
  192  7:57  Hatchery  
  192  7:58  Roach x7  
Show
View Real Time Build Order
Export as new Build Order

TriGGeR Protoss 

Build Orders: 1 Gate Expand, Zealot Archon, Archon Drop 

Get SALT Encoding   

  12  0:00  Probe  
  13  0:12  Probe  
  14  0:18  Pylon  
  14  0:24  Probe (Chrono Boost)  
  15  0:37  Probe (Chrono Boost)  
  15  0:39  Gateway  
  16  0:45  Probe (Chrono Boost)  
  17  0:51  Assimilator  
  17  0:52  Probe  
  18  1:05  Probe  
  19  1:17  Probe  
  20  1:32  Nexus  
  20  1:35  Probe  
  21  1:49  Cybernetics Core  
  21  1:50  Assimilator  
  22  1:59  Pylon  
  22  2:05  Zealot (Chrono Boost)  
  23  2:17  Probe  
  24  2:25  Stargate  
  24  2:28  Adept (Chrono Boost)  
  24  2:29  Probe  
  28  2:45  Probe (Chrono Boost)  
  28  2:46  Probe (Chrono Boost)  
  29  2:55  Probe (Chrono Boost)  
  29  2:56  Warp Gate  
  29  2:57  Probe (Chrono Boost)  
  31  2:59  Void Ray (Chrono Boost)  
  31  3:00  Probe (Chrono Boost)  
  32  3:07  Probe  
  38  3:12  Probe  
  38  3:19  Probe  
  39  3:24  Probe  
  40  3:33  Nexus  
  40  3:34  Probe  
  40  3:37  Probe  
  42  3:41  Pylon  
  42  3:44  Void Ray  
  46  4:01  Probe (Chrono Boost)  
  48  4:05  Probe (Chrono Boost)  
  48  4:08  Assimilator  
  49  4:10  Assimilator, Probe (Chrono Boost)  
  49  4:11  Pylon  
  49  4:14  Probe (Chrono Boost)  
  49  4:15  Probe (Chrono Boost)  
  50  4:21  Twilight Council  
  52  4:28  Probe x2 (Chrono Boost)  
  53  4:37  Probe (Chrono Boost)  
  55  4:39  Probe (Chrono Boost)  
  55  4:41  Forge  
  55  4:44  Probe (Chrono Boost)  
  57  4:47  Probe (Chrono Boost)  
  57  4:48  Pylon  
  58  4:53  Probe (Chrono Boost)  
  58  4:54  Gateway, Probe (Chrono Boost)  
  58  4:57  Gateway, Probe (Chrono Boost)  
  58  4:58  Robotics Facility  
  58  4:59  Probe (Chrono Boost)  
  60  5:00  Probe  
  60  5:06  Gateway  
  62  5:07  Charge  
  62  5:11  Probe x2 (Chrono Boost)  
  62  5:13  Protoss Ground Weapons Level 1 (Chrono Boost)  
  65  5:17  Probe (Chrono Boost)  
  66  5:23  Templar Archives  
  66  5:24  Probe x2 (Chrono Boost)  
  66  5:26  Probe (Chrono Boost)  
  67  5:33  Probe x2  
  67  5:34  Gateway  
  67  5:35  Gateway  
  69  5:39  Probe  
  69  5:40  Gateway  
  70  5:44  Gateway  
  70  5:45  Warp Prism (Chrono Boost)  
  72  5:52  Gateway  
  72  5:56  Gateway  
  72  5:59  Gateway  
  72  6:03  Gateway  
  70  6:13  High Templar  
  70  6:14  High Templar x3  
  76  6:21  Archon x2  
  76  6:33  Pylon  
  76  6:34  Pylon  
  76  6:36  Pylon  
  76  6:39  Pylon  
  76  6:41  Zealot x4  
  76  6:45  Observer  
  85  6:52  Zealot  
  85  6:53  High Templar x2, Zealot x4  
  99  6:57  Archon  
  99  7:04  Zealot x5  
  107  7:26  Stalker x5  
  117  7:30  Pylon  
  117  7:32  Pylon, Shield Battery  
  117  7:33  Shield Battery  
  117  7:40  Shield Battery  
  117  7:42  Pylon, Shield Battery  
  117  7:49  Sentry  
  123  7:52  Zealot x2  
  123  7:53  Zealot  
  113  7:59  Zealot  
  98  8:06  Zealot x6  
  92  8:13  Zealot x2  
  92  8:17  Zealot  

Tags
 
Add a new tag
Caveats
  • Supply blocks, unpowered buildings, or Contaminate may cause inaccurate times.
  • Supply counts are checked every 10 seconds.